 Dungeon Crawl Stone Soup version 0.21.1-1-g345015f (webtiles) character file.

5415 letownia2 the Magician (level 10, -7/79 HPs)
             Began as a Gnoll Skald on Feb 27, 2018.
             Was an Elder of Cheibriados.
             Mangled by an orc warrior
             ... wielding a +0 morningstar
              (18 damage)
             ... on level 9 of the Dungeon.
             The game lasted 00:24:26 (2781 turns).

letownia2 the Magician (Gnoll Skald)                Turns: 2781, Time: 00:24:26

Health: -7/79      AC: 12    Str: 23    XL:     10   Next: 67%
Magic:  15/21      EV: 22    Int: 28    God:    Cheibriados [****..]
Gold:   255        SH:  0    Dex: 23    Spells: 12/23 levels left

rFire    . . .     SeeInvis .   a - +2 short sword (elec)
rCold    . . .     Gourm    .   (no shield)
rNeg     . . .     Faith    .   n - +0 ring mail
rPois    .         Spirit   .   q - +2 helmet
rElec    .         Reflect  .   A - scarf {repulsion}
rCorr    .         Harm     .   k - +0 pair of gloves
MR       .....     Rnd*Tele +   p - +0 pair of boots
Stlth    +++.......             (no amulet)
HPRegen  0.23/turn              y - +5 ring of evasion
MPRegen  0.17/turn              D - ring of teleportation (curse)

@: repel missiles, very slow
A: distributed training, fangs 1, strong nose
a: Bend Time, Temporal Distortion, Slouch, Renounce Religion


You were on level 9 of the Dungeon.
You worshipped Cheibriados.
Cheibriados was greatly pleased with you.
You were not hungry.

You visited 2 branches of the dungeon, and saw 11 of its levels.

You collected 255 gold pieces.

Inventory:

Hand Weapons
 a - a +2 short sword of electrocution (weapon)
 h - a +0 flail
 x - a +0 spear
 B - a cursed -3 battleaxe
 I - a +0 blowgun
 J - a +1 dagger of venom
 M - a +0 falchion of flaming
Missiles
 b - 4 javelins (quivered)
 g - 36 poisoned needles
 l - 59 bolts
 z - 13 tomahawks
Armour
 k - a +0 pair of gloves (worn)
 n - a +0 ring mail (worn)
 p - a +0 pair of boots (worn)
 q - a +2 helmet (worn)
 A - a scarf of repulsion (worn)
Magical Staves
 C - an uncursed staff of summoning {unknown}
Jewellery
 y - a +5 ring of evasion (left hand)
 D - a cursed ring of teleportation (right hand)
 L - a +3 amulet of reflection {unknown}
Wands
 i - a wand of acid (5)
Scrolls
 e - 8 scrolls of identify {unknown}
 f - 3 scrolls of enchant armour {unknown}
 j - 2 scrolls of fear {unknown}
 r - 4 scrolls of teleportation {unknown}
 u - 2 scrolls of remove curse {unknown}
 E - a scroll of immolation {unknown}
 F - a scroll of holy word {unknown}
 G - a scroll of enchant weapon {unknown}
 H - a scroll of blinking {unknown}
 K - a scroll of magic mapping {unknown}
Potions
 m - a potion of flight {unknown}
 o - a potion of haste {unknown}
 s - a potion of experience {unknown}
 t - 2 potions of curing {unknown}
 v - 2 potions of heal wounds {unknown}
 w - a potion of degeneration {unknown}
Books
 c - a book of Battle

   Spells                             Type                      Level
   a - Infusion                       Charms                       1
   b - Shroud of Golubria             Charms/Translocation         2
   c - Song of Slaying                Charms                       2
   d - Spectral Weapon                Hexes/Charms                 3
   e - Regeneration                   Charms/Necromancy            3
Comestibles
 d - 12 rations
 N - 2 chunks of flesh


   Skills:
 + Level 7.1 Fighting
 + Level 5.4 Short Blades
 + Level 5.4 Long Blades
 + Level 5.4 Axes
 + Level 5.4 Maces & Flails
 + Level 7.1 Polearms
 + Level 5.4 Staves
 + Level 5.4 Slings
 + Level 5.4 Bows
 + Level 5.4 Crossbows
 + Level 5.4 Throwing
 + Level 6.0 Armour
 + Level 7.1 Dodging
 + Level 5.4 Stealth
 + Level 5.4 Shields
 + Level 5.4 Unarmed Combat
 + Level 7.4 Spellcasting
 + Level 4.4 Conjurations
 + Level 4.4 Hexes
 + Level 7.1 Charms
 + Level 4.4 Summonings
 + Level 4.4 Necromancy
 + Level 4.4 Translocations
 + Level 4.4 Transmutations
 + Level 4.4 Fire Magic
 + Level 4.4 Ice Magic
 + Level 4.4 Air Magic
 + Level 4.4 Earth Magic
 + Level 4.4 Poison Magic
 + Level 5.9 Invocations
 + Level 5.4 Evocations


You had 12 spell levels left.
You knew the following spells:

 Your Spells              Type           Power        Failure   Level  Hunger
a - Infusion              Chrm           ####         1%          1    None
g - Regeneration          Chrm/Necr      #####.....   2%          3    None
l - Song of Slaying       Chrm           ######..     1%          2    None
t - Shroud of Golubria    Chrm/Tloc      #####.....   1%          2    None
x - Spectral Weapon       Hex/Chrm       #####...     2%          3    None


Dungeon Overview and Level Annotations

Branches:
Dungeon (10/15)            Temple (1/1) D:4
   Lair: D:8-11         Orc: D:9-12

Altars:
Ashenzari
Cheibriados
Dithmenos
Elyvilon
Fedhas
Gozag
Hepliaklqana
Kikubaaqudgha
Nemelex Xobeh
Okawaru
Qazlal
Ru
Sif Muna
Trog
Uskayaw
Vehumet
Wu Jian
Xom
Yredelemnul
Zin
The Shining One

Shops:
D:7 *

Annotations:
D:8 exclusion: ice statue


Innate Abilities, Weirdness & Mutations

Your experience applies equally to all skills.
You have very sharp teeth.
Your uncanny sense of smell can sniff out nearby items.


Message History

The orc priest hits you but does no damage.
Unknown command.
Casting: Shroud of Golubria
Confirm with . or Enter, or press ? or * to list all spells.
You draw out your weapon's spirit!
The orc warrior barely misses you. The orc priest completely misses you.
Unknown command.
You hit the orc warrior.
Lightning courses through the orc warrior!
The orc warrior is heavily wounded.
The orc warrior hits you with a morningstar!
* * * LOW HITPOINT WARNING * * *
Unknown command.
Unknown command.
Casting: Spectral Weapon
Confirm with . or Enter, or press ? or * to list all spells.
Space distorts slightly along a thin shroud covering your body.
The orc priest closely misses you.
The orc warrior hits you with a morningstar!!
You die...

# #.#
#########.#######
................#
................##
###
.................#
###.##
#................#
#....#
#....o.).........#
.....##
#.....)@.........#
......##
##....o...........#
.......#
#....(...........#
...†)..##
##...............#
..)>....#
#..............##
....)....#
##...........###
.........#
.........#####
...........###..#####
..........#


You could see an orc warrior, an orc priest and a friendly spectral short sword
of electrocution.

Vanquished Creatures
  A two-headed ogre (D:8)
  The ghost of Mirai the Geomancer, a novice GrEE of Vehumet (D:7)
  A troll (D:9)
  2 slime creatures (D:7)
  A hippogriff (D:8)
  A wyvern (D:8)
  A wraith (D:10)
  The ghost of Frank the Ducker, an amateur OpFi (D:3)
  3 orc warriors
  2 phantoms (D:9)
  A black bear (D:9)
  3 ogres
  3 big kobolds
  7 bullfrogs
  A scorpion (D:7)
  4 killer bees (D:8)
  A wight (D:8)
  4 crimson imps
  2 hounds
  6 jellies
  8 orc wizards
  11 orc priests
  A gnoll shaman (D:7)
  A bullfrog skeleton (D:4)
  3 iguanas
  3 worker ants
  A hound skeleton (D:4)
  A worker ant zombie (D:7)
  Robin (D:3)
  6 adders
  4 gnolls (D:7)
  A shadow imp (D:8)
  4 oozes (D:7)
  2 adder skeletons
  A worm (D:3)
  A dart slug (D:3)
  2 leopard geckos
  24 orcs
  2 giant cockroaches (D:4)
  14 goblins (D:3)
  2 hobgoblins (D:3)
  3 jackals (D:5)
  A quokka (D:6)
  2 bats
  20 kobolds
  6 rats
171 creatures vanquished.

Vanquished Creatures (others)
  6 fungi (D:7)
  9 spectral weapons
  6 toadstools (D:7)
21 creatures vanquished.

Grand Total: 192 creatures vanquished

Notes
Turn   | Place    | Note
-------+----------+-------------------------------------------
     0 | D:1      | letownia2 the Gnoll Skald began the quest for the Orb.
     0 | D:1      | Reached XP level 1. HP: 20/20 MP: 6/6
    73 | D:2      | Reached XP level 2. HP: 26/26 MP: 2/7
   100 | D:3      | Learned a level 2 spell: Song of Slaying
   103 | D:3      | Learned a level 2 spell: Shroud of Golubria
   133 | D:3      | Noticed Frank's ghost (amateur OpFi)
   219 | D:3      | Reached XP level 3. HP: 24/31 MP: 6/9
   259 | D:3      | Reached skill level 5 in Spellcasting
   302 | D:3      | Learned a level 3 spell: Regeneration
   307 | D:3      | Learned a level 3 spell: Spectral Weapon
   308 | D:3      | Noticed Robin
   319 | D:3      | Reached skill level 1 in Invocations
   331 | D:3      | Killed Robin
   331 | D:3      | Reached skill level 1 in Short Blades
   331 | D:3      | Reached skill level 1 in Long Blades
   331 | D:3      | Reached skill level 1 in Axes
   331 | D:3      | Reached skill level 1 in Maces & Flails
   331 | D:3      | Reached skill level 1 in Staves
   331 | D:3      | Reached skill level 1 in Slings
   331 | D:3      | Reached skill level 1 in Bows
   331 | D:3      | Reached skill level 1 in Crossbows
   331 | D:3      | Reached skill level 1 in Throwing
   331 | D:3      | Reached skill level 1 in Stealth
   331 | D:3      | Reached skill level 1 in Shields
   331 | D:3      | Reached skill level 1 in Unarmed Combat
   331 | D:3      | Reached skill level 1 in Evocations
   331 | D:3      | Reached XP level 4. HP: 31/38 MP: 0/11
   378 | D:3      | Killed Frank's ghost
   378 | D:3      | Reached skill level 1 in Conjurations
   378 | D:3      | Reached skill level 1 in Hexes
   378 | D:3      | Reached skill level 1 in Summonings
   378 | D:3      | Reached skill level 1 in Necromancy
   378 | D:3      | Reached skill level 1 in Translocations
   378 | D:3      | Reached skill level 1 in Transmutations
   378 | D:3      | Reached skill level 1 in Fire Magic
   378 | D:3      | Reached skill level 1 in Ice Magic
   378 | D:3      | Reached skill level 1 in Air Magic
   378 | D:3      | Reached skill level 1 in Earth Magic
   378 | D:3      | Reached skill level 1 in Poison Magic
   378 | D:3      | Reached XP level 5. HP: 18/43 MP: 1/12
   505 | D:4      | Reached XP level 6. HP: 42/50 MP: 2/13
   566 | D:4      | Reached skill level 5 in Fighting
   566 | D:4      | Reached skill level 5 in Polearms
   566 | D:4      | Reached skill level 5 in Dodging
   585 | D:4      | Found a staircase to the Ecumenical Temple.
   737 | Temple   | Entered the Ecumenical Temple
   876 | Temple   | Became a worshipper of Cheibriados the Contemplative
   940 | D:4      | Reached XP level 7. HP: 56/56 MP: 9/15
   984 | D:5      | Entered Level 5 of the Dungeon
  1374 | D:7      | Reached XP level 8. HP: 44/63 MP: 2/16
  1391 | D:7      | Reached * piety under Cheibriados
  1507 | D:7      | Found Wiymy's Whimsical Warehouse.
  1673 | D:7      | Noticed a slime creature
  1681 | D:7      | Killed a slime creature
  1691 | D:7      | Noticed a slime creature
  1789 | D:7      | Reached ** piety under Cheibriados
  1793 | D:7      | Noticed Mirai's ghost (novice GrEE)
  1891 | D:8      | Reached XP level 9. HP: 35/69 MP: 1/18
  2058 | D:7      | Killed Mirai's ghost
  2058 | D:7      | Reached skill level 5 in Armour
  2196 | D:8      | Reached skill level 5 in Invocations
  2246 | D:8      | Reached XP level 10. HP: 52/77 MP: 3/20
  2255 | D:8      | Noticed an ice statue
  2274 | D:8      | Noticed a two-headed ogre
  2291 | D:8      | Killed a two-headed ogre
  2291 | D:8      | Reached skill level 5 in Short Blades
  2291 | D:8      | Reached skill level 5 in Long Blades
  2291 | D:8      | Reached skill level 5 in Axes
  2291 | D:8      | Reached skill level 5 in Maces & Flails
  2291 | D:8      | Reached skill level 5 in Staves
  2291 | D:8      | Reached skill level 5 in Slings
  2291 | D:8      | Reached skill level 5 in Bows
  2291 | D:8      | Reached skill level 5 in Crossbows
  2291 | D:8      | Reached skill level 5 in Throwing
  2291 | D:8      | Reached skill level 5 in Stealth
  2291 | D:8      | Reached skill level 5 in Shields
  2291 | D:8      | Reached skill level 5 in Unarmed Combat
  2291 | D:8      | Reached skill level 5 in Evocations
  2314 | D:8      | Reached *** piety under Cheibriados
  2489 | D:10     | Entered Level 10 of the Dungeon
  2768 | D:9      | Reached **** piety under Cheibriados
  2781 | D:9      | Mangled by an orc warrior

Skill      XL: |  1  2  3  4  5  6  7  8  9 10 |
---------------+-------------------------------+-----
Spellcasting   | 5 6 7 |  7.4
Invocations    | 1 2 3 4 5 |  5.9
Short Blades   | 1 2 3 4 5 |  5.4
Long Blades    | 1 2 3 4 5 |  5.4
Axes           | 1 2 3 4 5 |  5.4
Maces & Flails | 1 2 3 4 5 |  5.4
Staves         | 1 2 3 4 5 |  5.4
Slings         | 1 2 3 4 5 |  5.4
Bows           | 1 2 3 4 5 |  5.4
Crossbows      | 1 2 3 4 5 |  5.4
Throwing       | 1 2 3 4 5 |  5.4
Stealth        | 1 2 3 4 5 |  5.4
Shields        | 1 2 3 4 5 |  5.4
Unarmed Combat | 1 2 3 4 5 |  5.4
Evocations     | 1 2 3 4 5 |  5.4
Armour         | 3 4 5 6 |  6.0
Conjurations   | 1 2 3 4 |  4.4
Hexes          | 1 2 3 4 |  4.4
Summonings     | 1 2 3 4 |  4.4
Necromancy     | 1 2 3 4 |  4.4
Translocations | 1 2 3 4 |  4.4
Transmutations | 1 2 3 4 |  4.4
Fire Magic     | 1 2 3 4 |  4.4
Ice Magic      | 1 2 3 4 |  4.4
Air Magic      | 1 2 3 4 |  4.4
Earth Magic    | 1 2 3 4 |  4.4
Poison Magic   | 1 2 3 4 |  4.4
Fighting       | 5 6 7 |  7.1
Polearms       | 5 6 7 |  7.1
Dodging        | 5 6 7 |  7.1
Charms         | 6 7 |  7.1

Action                   |  1- 3 |  4- 6 |  7- 9 | 10-12 || total
-------------------------+-------+-------+-------+-------++-------
Melee: Spear             |    77 |   102 |   359 |       ||   538
       Bite              |     6 |     3 |    54 |    25 ||    88
       Punch             |       |     1 |     5 |     1 ||     7
       Short sword       |       |       |    10 |   114 ||   124
Throw: Javelin           |       |       |     1 |     2 ||     3
 Cast: Infusion          |     4 |       |       |       ||     4
       Shroud of Golubri |     3 |     8 |    25 |     8 ||    44
       Spectral Weapon   |     1 |     6 |    28 |     6 ||    41
       Song of Slaying   |     1 |     4 |     7 |     3 ||    15
       Regeneration      |     1 |     2 |    16 |     2 ||    21
Evoke: Wand              |       |       |     6 |     1 ||     7
 Stab: Distracted        |       |     3 |     2 |     2 ||     7
       Sleeping          |       |       |     1 |       ||     1
  Eat: Chunk             |       |     1 |     5 |     2 ||     8
Armor: Leather armour    |    10 |    19 |    17 |       ||    46
       Ring mail         |       |       |    37 |    27 ||    64
Dodge: Dodged            |    39 |    38 |   249 |   149 ||   475
       Deflected         |       |       |     8 |     2 ||    10
